 Dungeon Crawl Stone Soup version 0.31-a0-1082-g7d1fb776a8 (webtiles) character file.

Game seed: 9191338901588229386

86 Flugslaktarn the Changeling (level 4, -1/29 HPs)
             Began as an Octopode Shapeshifter on Nov 28, 2023.
             Slain by a gnoll
             ... wielding a +0 whip
              (6 damage)
             ... on level 2 of the Dungeon.
             The game lasted 00:00:40 (1217 turns).

Flugslaktarn the Changeling (Octopode Shapeshifter) Turns: 1217, Time: 00:00:40

Health: -1/29      AC:  1    Str: 13    XL:     4   Next: 50%
Magic:  4/4        EV: 13    Int: 12    God:
Gold:   108        SH:  0    Dex: 13    Spells: 3/3 levels left

rFire   . .          .
                       - Unarmed
rCold   . . .        (no shield)
rNeg    . . .        (helmet currently unavailable)
rPois   .            h - amulet of faith
rElec   .            (no ring)
rCorr   .            (no ring)
SInv    .            (no ring)
Will    .....        (no ring)
Stlth   ++           (no ring)
HPRegen 0.24/turn    (no ring)
MPRegen 0.09/turn    (no ring)
                     (no ring)

%: faith
@: beast-form
A: beast (slay +2), almost no armour, amphibious, 8 rings, camouflage 1,
gelatinous body 1, (nimble swimmer 1), tentacles
a: Begin Untransformation


You were on level 2 of the Dungeon.
You were a hulking beast.
You visited 1 branch of the dungeon, and saw 2 of its levels.

You collected 108 gold pieces.

Inventory:

Jewellery
 h - an amulet of faith (around mantle)
   (You found it on level 1 of the Dungeon)
Talismans
 b - a beast talisman
 c - a flux talisman
Scrolls
 g - 6 scrolls of identify {unknown}
 i - a scroll of silence {unknown}
 j - a scroll of acquirement {unknown}
 k - a scroll of poison {unknown}
 m - a scroll of enchant armour {unknown}
 n - a scroll of enchant weapon {unknown}
 o - a scroll of revelation {unknown}
Potions
 a - a potion of lignification
 d - a potion of enlightenment {unknown}
 e - a potion of berserk rage {unknown}
 f - 2 potions of curing {unknown}
 l - a potion of attraction {unknown}
 p - a potion of invisibility {unknown}


   Skills:
 + Level 2.1 Fighting
 - Level 2.0 Dodging
 + Level 3.6 Unarmed Combat
 * Level 4.0 Shapeshifting


You had 3 spell levels left.
You didn't know any spells.
Your spell library was empty.

Dungeon Overview and Level Annotations

Branches:
Dungeon (2/15)

Altars:

Shops:
D:1 *


Innate Abilities, Weirdness & Mutations

You are a hulking beast.
Your limbs bulge with bestial killing power. (Slay +2)
You cannot wear most types of armour.
You are amphibious.
You can wear up to eight rings at the same time.
Your skin changes colour to match your surroundings (Stealth+).
Your rubbery body absorbs attacks. (AC +1, EV +1)
((You are camouflaged when in or above water. (Stealth+)))
You have tentacles for arms and can constrict up to eight enemies at once.


Message History

A kobold comes into view. It is wielding a +0 short sword.
Found a scroll labelled ONALICZI QALOU and a pair of runed gloves.
A kobold is nearby!
Found 11 gold pieces.
A kobold is nearby!
A kobold is nearby!
Found an escape hatch in the floor.
The kobold shouts!
You tentacle-slap the kobold but do no damage.
You grab the kobold. You constrict the kobold.
The kobold hits you with a +0 short sword.
You bludgeon the kobold!
You kill the kobold!
m - a scroll labelled ONALICZI QALOU You now have 91 gold pieces (gained 11).
An endoplasm comes into view.
Found a scroll labelled TOYLURGH BOGHI.
The endoplasm quivers.
An endoplasm is nearby!
An endoplasm is nearby!
You tentacle-slap the endoplasm.
The endoplasm is heavily wounded.
The endoplasm freezes you.
You are frozen.
You tentacle-slap the endoplasm. You squeeze the endoplasm.
You kill the endoplasm!
You have reached level 4!
n - a scroll labelled NECREI MEOCO
o - a scroll labelled TOYLURGH BOGHI An adder comes into view.
Found 5 gold pieces.
Found a stone staircase leading down.
Found a book of the Senses.
The adder hisses angrily.
You barely miss the adder. You grab the adder.
You constrict the adder, but do no damage.
The adder bites you but does no damage.
You barely miss the adder. You squeeze the adder.
The adder is moderately wounded.
You constrict the adder. The adder misses you.
You tentacle-slap the adder.
The adder is severely wounded.
You constrict the adder, but do no damage.
The adder closely misses you.
You bludgeon the adder!
You kill the adder!
Your Fighting skill increases to level 2!
No target in view!
No target in view!
p - a murky black potion No target in view!
Found a stone staircase leading up.
You now have 96 gold pieces (gained 5).
There is a stone staircase leading up here.
Found a stone staircase leading down.
No target in view!
No target in view!
No target in view!
No target in view!
You now have 108 gold pieces (gained 12).
Found an escape hatch in the ceiling.
Found a leather armour.
There is an escape hatch in the ceiling here.
There is an escape hatch in the ceiling here. 2 gnolls come into view.
The gnoll shouts!
You hear a shout!
The gnoll shouts!
A gnoll comes into view. It is wielding a +0 whip.
You tentacle-slap the gnoll. You grab the gnoll.
The gnoll is moderately wounded.
You constrict the gnoll. You tentacle-slap the gnoll.
The gnoll is heavily wounded.
You constrict the gnoll. The gnoll barely misses you.
You tentacle-slap the gnoll.
The gnoll is almost dead.
You constrict the gnoll, but do no damage.
The gnoll closely misses you.
You bludgeon the gnoll!
You kill the gnoll!
The gnoll hits you with a +0 whip.
Your Shapeshifting skill increases to level 4!
You completely miss the gnoll. You grab the gnoll. You squeeze the gnoll.
The gnoll is lightly wounded.
You constrict the gnoll. The gnoll hits you with a +0 whip. x2
You tentacle-slap the gnoll but do no damage.
You squeeze the gnoll.
The gnoll is heavily wounded.
You constrict the gnoll. The gnoll closely misses you.
The gnoll hits you with a +0 whip.
You tentacle-slap the gnoll. x2
You kill the gnoll!
The gnoll hits you with a +0 whip!
You are too injured to fight recklessly!
You tentacle-slap the gnoll. Your grab misses the gnoll. You squeeze the gnoll.
The gnoll is heavily wounded.
The gnoll hits you with a +0 whip.
* * * LOW HITPOINT WARNING * * *
You tentacle-slap the gnoll. You grab the gnoll.
The gnoll is almost dead.
You constrict the gnoll. The gnoll hits you with a +0 whip.
You die...

########
.......########
#.........#########
#)h######........##
#.g# ########.##
#.... #.## #...##
##.## ....#
.######..## #
##.#.# ...........
.# #.#.#
#######.### ###.###
#.#.# #.# #..... ..
#.#


You could see a gnoll.

Vanquished Creatures
  3 gnolls
  2 adders (D:2)
  A dart slug (D:1)
  3 bats (D:1)
  4 endoplasms
  2 giant cockroaches (D:1)
  5 hobgoblins
  2 kobolds
  7 ball pythons
  4 frilled lizards
  4 rats
37 creatures vanquished.

Notes
Turn   | Place    | Note
-------+----------+-------------------------------------------
     0 | D:1      | Flugslaktarn the Octopode Shapeshifter began the quest for
                  | the Orb.
     0 | D:1      | Reached XP level 1. HP: 13/13 MP: 1/1
   152 | D:1      | Reached XP level 2. HP: 18/18 MP: 2/2
   353 | D:1      | Reached XP level 3. HP: 3/24 MP: 3/3
   710 | D:1      | Found Gutax's General Store.
  1013 | D:2      | Reached XP level 4. HP: 24/29 MP: 4/4
  1213 | D:2      | Reached skill level 4 in Shapeshifting
  1217 | D:2      | Slain by a gnoll

Illustrated notes

Levels and vault maps discovered:
D:1:      onia_arrival_pentagram, layout_loops_ring, serial_shops,
          nicolae_shop_tiny_real_fake_doors, minmay_cupped
D:2:      layout_loops_ring, minivault_24

Skill      XL: |  1  2  3  4 |
---------------+-------------+-----
Fighting       | 2 |  2.1
Shapeshifting  | 4 |  4.0
Dodging        | |  2.0
Unarmed Combat | |  3.6

Action                     |  1- 3 |  4- 6 || total
---------------------------+-------+-------++-------
  Melee: Unarmed           |    56 |    13 ||    69
         Constrict         |     9 |     4 ||    13
         Tentacles         |    10 |     4 ||    14
         Punch             |     1 |     1 ||     2
   Stab: Sleeping          |    10 |       ||    10
 Armour: Skin              |    15 |     8 ||    23
  Dodge: Dodged            |    22 |     5 ||    27

Table legend: (Time is in decaauts)
 A = Elapsed time spent in this place.
 B = Non-inter-level travel time spent in this place.
 C = Inter-level travel time spent in this place.
 D = Time resting spent in this place.
 E = Time spent auto-exploring this place.
 F = Levels seen in this place.
 G = Mean time per level.
                   A        B        C        D        E       F      G
               +--------+--------+--------+--------+--------+-----+--------+
         Total |   1212 |   1204 |      8 |     50 |    944 |   2 |  606.0 |
       Dungeon |   1212 |   1204 |      8 |     50 |    944 |   2 |  606.0 |
               +--------+--------+--------+--------+--------+-----+--------+

Top non-repeatable levels by time:
     D:1: 820 daAuts
     D:2: 392 daAuts
